 Dungeon Crawl Stone Soup version 0.22-a0-265-g0d8bc90 (webtiles) character file.

172 Amnesiac the Ducker (level 5, -4/26 HPs)
             Began as a Spriggan Conjurer on Mar 7, 2018.
             Slain by a two-headed ogre
             ... wielding a cursed +0 giant spiked club
              (18 damage)
             ... on level 4 of the Dungeon.
             The game lasted 00:06:39 (4029 turns).

Amnesiac the Ducker (Spriggan Conjurer)             Turns: 4029, Time: 00:06:40

Health: -4/26      AC:  2    Str:  4    XL:     5   Next: 27%
Magic:  12/12      EV: 21    Int: 19    God:
Gold:   79         SH:  0    Dex: 17    Spells: 7/12 levels left

rFire    . . .     SeeInvis +   s - +0 hunting sling
rCold    . . .     Gourm    .   (shield restricted)
rNeg     . . .     Faith    .   a - +0 robe
rPois    .         Spirit   .   (helmet restricted)
rElec    .         Reflect  .   (no cloak)
rCorr    .         Harm     .   (gloves unavailable)
MR       .....                  (boots unavailable)
Stlth    ++........             (no amulet)
HPRegen  0.08/turn              (no ring)
MPRegen  0.13/turn              p - +2 ring of intelligence

@: very quick
A: very small, unfitting armour, see invisible, herbivore, speed 3, slow
metabolism 2
a: no special abilities


You were on level 4 of the Dungeon.
You were not hungry.

You visited 1 branch of the dungeon, and saw 4 of its levels.

You collected 79 gold pieces.

Inventory:

Hand Weapons
 s - a +0 hunting sling (weapon)
Missiles
 r - 47 sling bullets (quivered)
 t - 169 stones
Armour
 a - a +0 robe (worn)
Jewellery
 k - an uncursed ring of fire
 p - a +2 ring of intelligence (right hand)
Scrolls
 d - a scroll of fear {!r, unknown}
 f - 2 scrolls of magic mapping {!r, unknown}
 g - a scroll of enchant weapon {!r, unknown}
 h - 2 scrolls of amnesia {!r, unknown}
 j - a scroll of remove curse {!r, unknown}
 l - a scroll of identify {!r, unknown}
 n - a scroll of teleportation {!r, unknown}
Potions
 b - a potion of mutation {!q, unknown}
 e - a potion of curing {!q, unknown}
 i - a potion of flight {!q, unknown}
 m - 2 potions of brilliance {!q, unknown}
 o - a potion of agility {!q, unknown}
 q - a potion of might {!q, unknown}
Comestibles
 c - 3 rations


   Skills:
 - Level 2.0 Fighting
 + Level 6.0 Dodging
 - Level 3.0 Stealth
 - Level 4.0 Spellcasting
 - Level 3.0 Conjurations


You had 7 spell levels left.
You knew the following spells:

 Your Spells              Type           Power        Failure   Level  Hunger
a - Magic Dart            Conj           ###.         4%          1    None
b - Force Lance           Conj/Tloc      #.......     58%         4    ####...


Dungeon Overview and Level Annotations

Branches:
Dungeon (4/15)
 Temple: D:4-7

Altars:
Dithmenos

Shops:
D:4 %


Innate Abilities, Weirdness & Mutations

You are very small and have problems with some larger weapons.
You are too small for most types of armour.
You have supernaturally acute eyesight. (SInv)
You are a herbivore.
You cover ground extremely quickly.
You need to consume almost no food.


Message History

The two-headed ogre barely misses you.
There is a stone staircase leading up here.
A two-headed ogre is nearby!
Wield which item (- for none, * to show all)? (? for menu, Esc to quit)
s - a +0 hunting sling (weapon)
Firing (i - inventory. (/) - cycle)
r - 50 sling bullets (quivered)
Press: ? - help, Shift-Dir - straight line, f - two-headed ogre
Aim: a two-headed ogre, wielding two giant spiked clubs You shoot a sling bullet.
The sling bullet hits the two-headed ogre but does no damage.
Firing (i - inventory. (/) - cycle)
r - 49 sling bullets (quivered)
Press: ? - help, Shift-Dir - straight line, f/p - two-headed ogre
Aim: a two-headed ogre, wielding two giant spiked clubs You shoot a sling bullet.
The sling bullet barely misses the two-headed ogre.
Firing (i - inventory. (/) - cycle)
r - 48 sling bullets (quivered)
Press: ? - help, Shift-Dir - straight line, f/p - two-headed ogre
Aim: a two-headed ogre, wielding two giant spiked clubs You shoot a sling bullet.
The sling bullet hits the two-headed ogre but does no damage.
There is a stone staircase leading up here.
Casting: Magic Dart (safe; 4% risk of failure)
Confirm with . or Enter, or press ? or * to list all spells.
Aiming: Magic Dart (safe; 4% risk of failure)
Press: ? - help, Shift-Dir - straight line, f/p - two-headed ogre
Aim: a two-headed ogre, wielding two giant spiked clubs The magic dart hits the two-headed ogre.
The two-headed ogre is lightly wounded.
The two-headed ogre barely misses you.
The two-headed ogre completely misses you.
You climb upwards.
There is a stone staircase leading down here.
Casting: Magic Dart (safe; 4% risk of failure)
Confirm with . or Enter, or press ? or * to list all spells.
Okay, then.
Casting: Magic Dart (safe; 4% risk of failure)
Confirm with . or Enter, or press ? or * to list all spells.
The spell is very dangerous to cast (58% risk of failure)!
Continue anyway?
Okay, then.
The two-headed ogre hits you with a giant spiked club!
Ouch! That really hurt!
* * * LOW HITPOINT WARNING * * *
The two-headed ogre completely misses you.
You climb downwards.
There is a stone staircase leading up here.
Unknown command.
Unknown command.
Unknown command.
Unknown command.
Unknown command.
Unknown command.
You see here a sling bullet.
There is a stone staircase leading up here.
You climb upwards.
There is a stone staircase leading down here.
You start resting.
HP restored.
You start resting.
HP restored.
You climb downwards.
The two-headed ogre hits you with a giant spiked club!
The two-headed ogre hits you with a giant spiked club!!
Ouch! That really hurt!
You die...

........................#
........................##
.........................#
...........................
...........................
...........................
.........................##
........................##
...........>....@........#
...............O.(.......#
.........................#
.........................#
.............(...........#
..........................
..........................
...........(..............
..>.......................


You could see a two-headed ogre.

Vanquished Creatures
  A scorpion (D:4)
  A bullfrog skeleton (D:4)
  2 adders
  A worm (D:4)
  3 dart slugs
  3 leopard geckos
  7 orcs
  4 bats
  5 giant cockroaches
  7 goblins
  10 hobgoblins
  5 kobolds
  A quokka (D:4)
  A ball python (D:3)
  2 frilled lizards
  4 rats
57 creatures vanquished.

Notes
Turn   | Place    | Note
-------+----------+-------------------------------------------
     0 | D:1      | Amnesiac the Spriggan Conjurer began the quest for the Orb.
     0 | D:1      | Reached XP level 1. HP: 9/9 MP: 5/5
   170 | D:1      | Reached XP level 2. HP: 13/13 MP: 3/7
   884 | D:1      | Reached skill level 1 in Fighting
   884 | D:1      | Reached XP level 3. HP: 18/18 MP: 4/9
  1391 | D:2      | Reached skill level 4 in Dodging
  2084 | D:3      | Reached XP level 4. HP: 22/22 MP: 7/11
  2090 | D:3      | Learned a level 4 spell: Force Lance
  2251 | D:3      | Reached skill level 5 in Dodging
  2710 | D:4      | Found Aqiutal's Food Boutique.
  2860 | D:4      | Found a shadowy altar of Dithmenos.
  2914 | D:4      | Noticed a two-headed ogre
  3106 | D:4      | Reached skill level 6 in Dodging
  3244 | D:4      | Reached XP level 5. HP: 26/26 MP: 2/12
  4029 | D:4      | Slain by a two-headed ogre

Vault maps used:
D:1:      lightli_arrival_windingriver, serial_forest,
          infiniplex_forest_clump_diagonal, infiniplex_forest_lined_corner,
          infiniplex_forest_corner_2, infiniplex_forest_straight_1,
          infiniplex_forest_end_2, infiniplex_forest_clump_long,
          infiniplex_forest_split
D:4:      serial_shops, shop, nicolae_dithmenos_through_a_glass_darkly

Skill      XL: |  1  2  3  4 |
---------------+-------------+-----
Conjurations   | 3 |  3.0
Spellcasting   | 3 4 |  4.0
Fighting       | 1 2 |  2.0
Dodging        | 4 6 |  6.0
Stealth        | |  3.0

Action                   |  1- 3 |  4- 6 || total
-------------------------+-------+-------++-------
Melee: Unarmed           |    14 |       ||    14
 Fire: Hunting sling     |       |     3 ||     3
 Cast: Magic Dart        |   114 |    90 ||   204
Dodge: Dodged            |    12 |    11 ||    23

Table legend:
 A = Spawn XP
 B = Non-spawn XP
 C = Spawn XP percentage of total XP
 D = Spawn monster count
 E = Non-spawn monster count
 F = Spawn count percentage of total count
 G = Total turns spent on level
                    A         B        C        D         E        F      G
               +---------+---------+-------+---------+---------+-------+---------
         Total |       0 |     247 |   0.0 |       0 |      57 |   0.0 |  4029
               +---------+---------+-------+---------+---------+-------+---------
           D:1 |       0 |      41 |   0.0 |       0 |      21 |   0.0 |  1250
           D:2 |       0 |      48 |   0.0 |       0 |      17 |   0.0 |  1047
           D:3 |       0 |      31 |   0.0 |       0 |      10 |   0.0 |   909
           D:4 |       0 |     127 |   0.0 |       0 |       9 |   0.0 |   823
               +---------+---------+-------+---------+---------+-------+---------
